 Dungeon Crawl Stone Soup version 0.31-a0-232-gb1c03b2570 (webtiles) character file.

Game seed: 144625444524573487

804 qw the Skirmisher (level 7, -7/61 HPs)
             Began as a Minotaur Hexslinger on July 7, 2023.
             Mangled by an ogre
             ... wielding a +0 giant club
              (28 damage)
             ... on level 5 of the Dungeon.
             The game lasted 00:01:32 (4433 turns).

qw the Skirmisher (Minotaur Hexslinger)             Turns: 4433, Time: 00:01:32

Health: -7/61      AC:  6    Str: 11    XL:     7   Next: 60%
Magic:  7/7        EV: 13    Int: 12    God:
Gold:   50         SH:  0    Dex: 19    Spells: 7/8 levels left

rFire   . . .        Y - +1 sling
rCold   + + .        (no shield)
rNeg    . . .        i - +1 robe "Xeocetix" {Drain rPois Int+3 Slay+5}
rPois   +            (helmet restricted)
rElec   .            (no cloak)
rCorr   .            d - +2 pair of gloves
SInv    +            (no boots)
Will    .....        (no amulet)
Stlth   ++           j - ring of see invisible
HPRegen 0.30/turn    b - ring of protection from cold
MPRegen 0.10/turn

%: no passive effects
@: lethally poisoned (-7 -> -11), marked
A: horns 2, retaliatory headbutt, agile 1, cold resistance 1
a: no special abilities


You were on level 5 of the Dungeon.
You visited 1 branch of the dungeon, and saw 5 of its levels.

You collected 176 gold pieces.
You spent 126 gold pieces at shops.


Innate Abilities, Weirdness & Mutations

You have a pair of horns on your head.
You reflexively headbutt those who attack you in melee.
You are agile. (Dex +4, Str/Int -1)
Your flesh is cold resistant. (rC+)


   Skills:
 - Level 5.2 Fighting
 + Level 8.0 Ranged Weapons
 - Level 3.2 Dodging
 - Level 1.0 Spellcasting
 - Level 2.0 Hexes


You had 7 spell levels left.
You knew the following spells:

 Your Spells              Type           Power      Damage    Failure   Level
a - Slow                  Hex            20%        N/A       13%         1

Your spell library contained the following spells:

 Spells                   Type           Power      Damage    Failure   Level
 Inner Flame              Hex/Fire       3%         N/A       52%         3
 Portal Projectile        Hex/Tloc       6%         N/A       52%         3
 Cause Fear               Hex            2%         N/A       78%         4

Inventory:

Hand Weapons
 Y - a +1 sling (weapon)
Armour
 d - a +2 pair of gloves (worn)
 i - the +1 robe "Xeocetix" (worn) {Drain rPois Int+3 Slay+5}
   (You found it on level 2 of the Dungeon)

   Int:       It affects your intelligence (+3).
   Slay:      It affects your accuracy & damage with ranged weapons and melee
   (+5).
   rPois:     It protects you from poison.
   Drain:     It drains your maximum health when unequipped.
Jewellery
 b - a ring of protection from cold (right hand)
 j - a ring of see invisible (left hand)
Scrolls
 a - 3 scrolls of identify
 g - 2 scrolls of teleportation
Potions
 e - a potion of mutation
 h - 2 potions of curing

Dungeon Overview and Level Annotations

Branches:
Dungeon (5/15)             Temple (0/1) D:5

Altars:
Ru
Zin

Shops:
D:3 ?   D:4 :[(*?[

Annotations:
D:4 3 runed translucent doors, qw's ghost, amateur MiHs
D:5 exclusion: scorpion


Message History

You feel very sick.
The orc hits you with a +2 flail of venom.
The quokka closely misses you.
An ogre comes into view. It is wielding a +0 giant club.
You shoot a sling bullet. The sling bullet hits the quokka.
The quokka is severely wounded.
You feel very sick. The quokka closely misses you.
The orc hits you with a +2 flail of venom.
You are more poisoned.
You shoot a sling bullet.
The sling bullet barely misses the quokka.
The sling bullet hits the black bear!
The black bear is moderately wounded.
You feel very sick. The quokka barely misses you.
You shoot a sling bullet. The sling bullet hits the quokka.
You kill the quokka!
You feel very sick.
You shoot a sling bullet. The sling bullet hits the black bear.
The black bear is moderately wounded.
You feel very sick.
The orc hits you with a +2 flail of venom.
The black bear barely misses you.
The black bear claws you but does no damage.
The black bear barely misses you.
You shoot a sling bullet. The sling bullet hits the black bear!
The black bear is almost dead.
You feel sick. The orc completely misses you.
The black bear closely misses you. You furiously retaliate!
You headbutt the black bear!
You kill the black bear!
Your Fighting skill increases to level 5!
You shoot a sling bullet. The sling bullet hits the orc!
You kill the orc!
You feel sick.
You shoot a sling bullet. The sling bullet hits the ogre!
The ogre is moderately wounded.
You feel sick.
The ogre hits you with a +0 giant club!!
You die...

#........## ### #......#..###
#.## ######......#....# #..#
#..............#.# #..
#..##..##..##..#.#####.# o
#.####....####....[....# ##..#
#.## ##..## ##.######..#.....)
#..## #..# ##)).#####..o.##
#...###..###.@O%##^.......#
#.#..........#..).........#
#.#..........#..##........#
#...###..###....##........#
#..## #..# ##...............
####.## ##..## ##............#..
#....####....####..##........#..
#.....##..##..##...##.>.......
#.................###888#.###


You could see an ogre.

Vanquished Creatures
  2 black bears
  2 phantoms (D:4)
  A scorpion (D:5)
  2 hounds (D:4)
  2 gnoll boudas
  A sleepcap (D:4)
  Jessica (D:3)
  An orc wizard (D:5)
  An adder (D:3)
  12 gnolls
  An ufetubus (D:4)
  A worm (D:3)
  4 dart slugs
  8 orcs
  8 endoplasms
  2 giant cockroaches
  6 goblins
  5 hobgoblins
  9 jackals
  6 kobolds
  6 quokkas
  4 ball pythons
  2 bats
  2 frilled lizards (D:1)
  2 rats
91 creatures vanquished.

Notes
Turn   | Place    | Note
-------+----------+-------------------------------------------
     0 | D:1      | qw the Minotaur Hexslinger began the quest for the Orb.
     0 | D:1      | Reached XP level 1. HP: 16/16 MP: 1/1
     0 | D:1      | 0 ||| qw: Version: 0.3-a-46-gb1f654a
     0 | D:1      | 0 ||| qw: Game counter: 2745
     0 | D:1      | 0 ||| qw: Melee chars always use a shield: true
     0 | D:1      | 0 ||| qw: God list: Okawaru
     0 | D:1      | 0 ||| qw: Allow faded altars: false
     0 | D:1      | 0 ||| qw: Do Orc after clearing Dungeon:15 true
     0 | D:1      | 0 ||| qw: Do second Lair branch before Depths: true
     0 | D:1      | 0 ||| qw: Lair rune preference: random
     0 | D:1      | 0 ||| qw: Goals: Normal
     0 | D:1      | 0 ||| PLANNING D:1-11
    98 | D:1      | Reached skill level 3 in Ranged Weapons
   132 | D:1      | Reached XP level 2. HP: 23/23 MP: 2/2
   232 | D:1      | HP: 5/24 [jackal (2)]
   234 | D:1      | 234 ||| FLEEEEING.
   236 | D:1      | 236 ||| FLEEEEING.
   237 | D:1      | 237 ||| FLEEEEING.
   238 | D:1      | 238 ||| FLEEEEING.
   239 | D:1      | 239 ||| FLEEEEING.
   240 | D:1      | 240 ||| FLEEEEING.
   241 | D:1      | 241 ||| FLEEEEING.
   242 | D:1      | 242 ||| FLEEEEING.
   243 | D:1      | 243 ||| FLEEEEING.
   244 | D:1      | 244 ||| FLEEEEING.
   245 | D:1      | 245 ||| FLEEEEING.
   246 | D:1      | 246 ||| FLEEEEING.
   247 | D:1      | 247 ||| FLEEEEING.
   248 | D:1      | 248 ||| FLEEEEING.
   249 | D:1      | 249 ||| FLEEEEING.
   250 | D:1      | 250 ||| FLEEEEING.
   251 | D:1      | 251 ||| FLEEEEING.
   252 | D:1      | 252 ||| FLEEEEING.
   253 | D:1      | 253 ||| FLEEEEING.
   254 | D:1      | 254 ||| FLEEEEING.
   255 | D:1      | 255 ||| FLEEEEING.
   256 | D:1      | 256 ||| FLEEEEING.
   257 | D:1      | 257 ||| FLEEEEING.
   258 | D:1      | 258 ||| FLEEEEING.
   259 | D:1      | 259 ||| FLEEEEING.
   260 | D:1      | 260 ||| FLEEEEING.
   261 | D:1      | 261 ||| FLEEEEING.
   262 | D:1      | 262 ||| FLEEEEING.
   263 | D:1      | 263 ||| FLEEEEING.
   264 | D:1      | 264 ||| FLEEEEING.
   265 | D:1      | 265 ||| FLEEEEING.
   266 | D:1      | 266 ||| FLEEEEING.
   267 | D:1      | 267 ||| FLEEEEING.
   268 | D:1      | 268 ||| FLEEEEING.
   269 | D:1      | 269 ||| FLEEEEING.
   270 | D:1      | 270 ||| FLEEEEING.
   271 | D:1      | 271 ||| FLEEEEING.
   272 | D:1      | 272 ||| FLEEEEING.
   273 | D:1      | 273 ||| FLEEEEING.
   274 | D:1      | 274 ||| FLEEEEING.
   275 | D:1      | 275 ||| FLEEEEING.
   276 | D:1      | 276 ||| FLEEEEING.
   277 | D:1      | 277 ||| FLEEEEING.
   278 | D:1      | 278 ||| FLEEEEING.
   280 | D:1      | 280 ||| FLEEEEING.
   281 | D:1      | 281 ||| FLEEEEING.
   282 | D:1      | 282 ||| FLEEEEING.
   283 | D:1      | 283 ||| FLEEEEING.
   284 | D:1      | 284 ||| FLEEEEING.
   387 | D:1      | Reached XP level 3. HP: 29/29 MP: 3/3
   803 | D:1      | 803 ||| READING scroll labelled UHUKHY ACICE.
   804 | D:1      | 804 ||| READING scroll labelled XIDWUYNKIASU.
   805 | D:1      | 805 ||| DROPPING scroll of poison.
   812 | D:2      | Found a glowing silver altar of Zin.
   948 | D:2      | Reached skill level 4 in Ranged Weapons
  1014 | D:2      | 1014 ||| FLEEEEING.
  1202 | D:2      | Identified the +7 spear of the Rescuing Gods {antimagic,
                  | rC++ Str+3 Int+4}
  1471 | D:2      | Identified the +1 robe "Xeocetix" {Drain rPois Int+3
                  | Slay+5}
  1575 | D:2      | 1575 ||| UPGRADING to +0 ring mail.
  1585 | D:2      | 1585 ||| DROPPING +0 robe.
  1586 | D:2      | 1586 ||| UPGRADING to +1 robe "Xeocetix" {Drain rPois Int+3
                  | Slay+5}.
  1596 | D:2      | 1596 ||| DROPPING +0 ring mail.
  1597 | D:2      | 1597 ||| UPGRADING to ring of see invisible.
  1598 | D:2      | 1598 ||| READING scroll labelled VOSUYV BARAM.
  1598 | D:2      | Identified a scroll of acquirement
  1598 | D:2      | 1598 ||| ACQUIRING ring of protection from cold
  1598 | D:2      | Acquired a ring of protection from cold
  1600 | D:2      | 1600 ||| UPGRADING to ring of protection from cold.
  1601 | D:2      | 1601 ||| READING scroll labelled XOCRAU NIDWA.
  1602 | D:2      | 1602 ||| READING scroll labelled VAFOAKUSHE.
  1607 | D:2      | 1607 ||| READING scroll labelled DAJUAXTUOG.
  1802 | D:3      | Noticed Jessica
  1805 | D:3      | Killed Jessica
  1806 | D:3      | Reached XP level 4. HP: 36/36 MP: 4/4
  1905 | D:3      | Found Neffosmu's Magic Scroll Shop.
  1914 | D:3      | 1914 ||| BUYING scroll of enchant armour (82 gold).
  1914 | D:3      | Bought a scroll of enchant armour for 82 gold pieces
  1914 | D:3      | 1914 ||| SHOPLISTING scroll of identify (22 gold, have 0).
  1914 | D:3      | 1914 ||| SHOPLISTING scroll of teleportation (33 gold, have
                  | 0).
  2365 | D:3      | Reached skill level 5 in Ranged Weapons
  2626 | D:3      | 2626 ||| UPGRADING to +1 pair of gloves.
  2631 | D:3      | 2631 ||| READING scroll of enchant armour.
  2631 | D:3      | 2631 ||| ENCHANTING +1 pair of gloves.
  2632 | D:3      | 2632 ||| READING scroll labelled XIHIQAOSYIJA.
  2704 | D:4      | 2704 ||| STAIRDANCE
  2710 | D:3      | Reached skill level 3 in Fighting
  2782 | D:4      | 2782 ||| STAIRDANCE
  2785 | D:3      | Reached XP level 5. HP: 40/45 MP: 5/5
  2812 | D:4      | 2812 ||| STAIRDANCE
  2960 | D:4      | Found Nanepios's Magic Scroll Shop.
  2964 | D:4      | 2964 ||| SHOPLISTING scroll of enchant weapon (97 gold,
                  | have 30).
  2964 | D:4      | 2964 ||| BUYING scroll of identify (26 gold).
  2964 | D:4      | Bought a scroll of identify for 26 gold pieces
  2964 | D:4      | 2964 ||| SHOPLISTING scroll of identify (26 gold, have 4).
  2964 | D:4      | 2964 ||| SHOPLISTING scroll of teleportation (39 gold, have
                  | 4).
  2987 | D:4      | Found Odghatt's Antique Armour Shop.
  2999 | D:4      | Found Yffaosus's Armour Emporium.
  3006 | D:4      | Noticed a black bear
  3007 | D:4      | 3007 ||| SHOPLISTING +2 pair of boots (214 gold, have 4).
  3014 | D:4      | Killed a black bear
  3015 | D:4      | Reached skill level 6 in Ranged Weapons
  3088 | D:4      | 3088 ||| SHOPLISTING embroidered robe (85 gold, have 18).
  3088 | D:4      | 3088 ||| SHOPLISTING runed hat (161 gold, have 18).
  3117 | D:4      | Reached XP level 6. HP: 51/51 MP: 6/6
  3167 | D:4      | 3167 ||| FLEEEEING.
  3216 | D:4      | Found Runnezae's Assorted Antiques.
  3221 | D:4      | 3221 ||| SHOPLISTING encrusted copper wand (80 gold, have
                  | 25).
  3221 | D:4      | 3221 ||| SHOPLISTING forked silver wand (80 gold, have 25).
  3221 | D:4      | 3221 ||| BUYING fuming golden potion (18 gold).
  3221 | D:4      | Bought a fuming golden potion for 18 gold pieces
  3221 | D:4      | 3221 ||| SHOPLISTING red potion (18 gold, have 7).
  3221 | D:4      | 3221 ||| SHOPLISTING scroll labelled FEPUROCZEEF (20 gold,
                  | have 7).
  3221 | D:4      | 3221 ||| SHOPLISTING scroll of teleportation (60 gold, have
                  | 7).
  3271 | D:4      | Found Lyhuol's Weapon Shoppe.
  3409 | D:4      | Found Soesat's Self-Improvement Boutique.
  3502 | D:4      | Found a runed translucent gate.
  3502 | D:4      | Found a runed translucent gate.
  3502 | D:4      | Found a runed translucent gate.
  3505 | D:4      | Noticed qw's ghost (amateur MiHs)
  3611 | D:4      | Reached skill level 7 in Ranged Weapons
  3653 | D:4      | Reached XP level 7. HP: 50/60 MP: 7/7
  3877 | D:4      | Found a sacrificial altar of Ru.
  3975 | D:4      | 3975 ||| READING scroll labelled FEPUROCZEEF.
  3976 | D:4      | 3976 ||| READING scroll labelled KYNGOTZ XORUC.
  3977 | D:4      | 3977 ||| DRINKING 2 brown potions.
  3977 | D:4      | Gained mutation: Your flesh is cold resistant. (rC+)
                  | [potion of mutation]
  3977 | D:4      | Gained mutation: You are agile. (Dex +4, Str/Int -1)
                  | [potion of mutation]
  3978 | D:4      | 3978 ||| DRINKING 3 fuming golden potions.
  4010 | D:5      | Entered Level 5 of the Dungeon
  4014 | D:5      | 4014 ||| STAIRDANCE
  4142 | D:5      | 4142 ||| STAIRDANCE
  4312 | D:5      | Reached skill level 3 in Dodging
  4328 | D:5      | Found a staircase to the Ecumenical Temple.
  4329 | D:5      | 4329 ||| PLANNING TEMPLE
  4403 | D:5      | 4403 ||| FLEEEEING.
  4404 | D:5      | 4404 ||| FLEEEEING.
  4405 | D:5      | 4405 ||| FLEEEEING.
  4406 | D:5      | 4406 ||| FLEEEEING.
  4407 | D:5      | 4407 ||| FLEEEEING.
  4408 | D:5      | 4408 ||| FLEEEEING.
  4409 | D:5      | 4409 ||| FLEEEEING.
  4410 | D:5      | 4410 ||| FLEEEEING.
  4411 | D:5      | 4411 ||| FLEEEEING.
  4425 | D:5      | Reached skill level 8 in Ranged Weapons
  4433 | D:5      | Mangled by an ogre

Levels and vault maps discovered:
D:1:      amcnicky_arrival_choice, layout_loops_ring, skrybe_limestone_x,
          nicolae_figureground_sparkle
D:2:      layout_loops_cross, basic_altar, nrook_uturn, grunt_ministairs_1
D:3:      layout_basic, serial_shops, nicolae_shop_gibbet_a_chance,
          nrook_loot_triangle, hex_tiny, uniq_jessica
D:4:      layout_loops_corners, nicolae_ru_path_of_blood, serial_shops,
          nicolae_shop_hallway_stairs, nicolae_shop_window_shopping, shop,
          nicolae_shop_stone, nicolae_shop_tiny_waterfront,
          gammafunk_ghost_necromancy, nicolae_shop_self_help
D:5:      layout_rooms, minmay_temple_entry_statues, serial_shops,
          kennysheep_mini, palyth_stone_intersect, minmay_hedge_maze

Skill      XL: |  1  2  3  4  5  6  7 |
---------------+----------------------+-----
Ranged Weapons | 3 4 5 6 7 8 |  8.0
Fighting       | 2 3 4 5 |  5.2
Dodging        | 3 |  3.2
Spellcasting   | |  1.0
Hexes          | |  2.0

Action                     |  1- 3 |  4- 6 |  7- 9 || total
---------------------------+-------+-------+-------++-------
   Fire: Sling             |   105 |   117 |    40 ||   262
    Use: Scroll            |     6 |     2 |     2 ||    10
         Potion            |       |       |     2 ||     2
 Armour: Robe              |    13 |    17 |     9 ||    39
  Dodge: Dodged            |    55 |    33 |    26 ||   114

Table legend:
 A = Non-vault XP
 B = Vault XP
 C = Vault XP percentage of total XP
 D = Non-vault monster count
 E = Vault monster count
 F = Vault count percentage of total count
                 A         B        C        D         E       F
            +---------+---------+-------+---------+---------+-------
      Total |    1106 |      43 |   3.7 |      88 |       3 |   3.3
            +---------+---------+-------+---------+---------+-------
        D:1 |      48 |       0 |   0.0 |      25 |       0 |   0.0
        D:2 |      10 |       6 |  37.5 |       6 |       2 |  25.0
        D:3 |      78 |      37 |  32.2 |      20 |       1 |   4.8
        D:4 |     646 |       0 |   0.0 |      26 |       0 |   0.0
        D:5 |     324 |       0 |   0.0 |      11 |       0 |   0.0
            +---------+---------+-------+---------+---------+-------
